 Dungeon Crawl Stone Soup version 0.23.2-33-g5129a83184 (webtiles) character file.

Game seed: 12280172285660359754

126343 Exodus22XD the Severer (level 16, -3/147 HPs)
             Began as a Minotaur Berserker on June 30, 2019.
             Was the Champion of Trog.
             Shot with an arrow by a deep elf archer (11 damage)
             ... on level 1 of the Elven Halls on July 1, 2019.
             The game lasted 02:19:18 (23778 turns).

Exodus22XD the Severer (Minotaur Berserker)        Turns: 23778, Time: 02:19:19

Health: -3/147     AC: 27    Str: 31    XL:     16   Next: 43%
Magic:  0/5        EV: 14    Int:  4    God:    Trog [******]
Gold:   1950       SH:  0    Dex: 13    Spells: 15/15 levels left

rFire    . . .     SeeInvis .   m - +3 executioner's axe (antimagic)
rCold    . . .     Gourm    .   (shield currently unavailable)
rNeg     . . .     Faith    .   e - +4 chain mail {rC+}
rPois    .         Spirit   +   (helmet restricted)
rElec    .         Reflect  .   P - +2 cloak
rCorr    .         Harm     .   Y - +2 pair of gloves of Refuge {rC- Regen+ Str+2 Dex+3}
MR       ++++.                  T - +0 pair of boots
Stlth    ..........             l - amulet of guardian spirit
HPRegen  1.74/turn              Q - ring of protection from magic
MPRegen  0.09/turn              J - +6 ring of protection

@: berserk cooldown, regenerating, slowed, very slow
A: retaliatory headbutt, hooves 1, horns 2, blink, deformed body, wild magic 1
a: Blink, Berserk, Trog's Hand, Brothers in Arms, Renounce Religion


You were on level 1 of the Elven Halls.
You worshipped Trog.
Trog was exalted by your worship.
You were near starving.

You visited 4 branches of the dungeon, and saw 24 of its levels.
You also visited: Sewer and Ossuary.

You collected 2485 gold pieces.
You spent 535 gold pieces at shops.

Inventory:

Hand Weapons
 a - a +4 morningstar
 m - a +3 antimagic executioner's axe (weapon)
 C - a +1 dire flail of holy wrath
 U - a +3 antimagic broad axe
Armour
 e - a +4 chain mail of cold resistance (worn)
 j - a +0 large shield
 o - a scarf of repulsion
 q - +0 fire dragon scales
 F - a +0 shield
 P - a +2 cloak (worn)
 T - a +0 pair of boots (worn)
 Y - the +2 pair of gloves of Refuge (worn) {rC- Regen+ Str+2 Dex+3}
   (You found it on level 12 of the Dungeon)

   It affects your strength (+2).
   It affects your dexterity (+3).
   It makes you vulnerable to cold.
   It increases your rate of regeneration.
Jewellery
 d - an uncursed ring of resist corrosion
 l - an amulet of guardian spirit (around neck)
 I - an uncursed ring of positive energy
 J - a +6 ring of protection (right hand)
 K - an uncursed ring of protection from cold
 Q - a ring of protection from magic (left hand)
Wands
 p - a wand of digging (3)
 y - a wand of disintegration (1)
 H - a wand of flame (41)
Scrolls
 b - 5 scrolls of magic mapping
 f - 8 scrolls of teleportation
 h - 3 scrolls of fog
 r - 8 scrolls of remove curse
 t - 4 scrolls of fear
 u - a scroll of vulnerability
 D - 2 scrolls of blinking
 E - 2 scrolls of enchant armour
 L - 4 scrolls of immolation
 R - a scroll of silence
 V - a scroll of summoning
Potions
 g - 6 potions of agility
 i - 11 potions of curing
 n - a potion of cancellation
 s - 3 potions of invisibility
 v - 2 potions of brilliance
 w - a potion of heal wounds
 x - 8 potions of flight
 A - 2 potions of ambrosia {unknown}
 B - a potion of magic {unknown}
 G - 2 potions of haste
 M - 3 potions of resistance
 N - 2 potions of might
 Z - 4 potions of lignification
Comestibles
 c - 35 rations


   Skills:
 + Level 14.3 Fighting
 + Level 20.7(20.8) Axes
 - Level 1.5(14.2) Maces & Flails
 * Level 13.5 Armour
 * Level 9.4 Dodging
 + Level 16.7 Shields


You had 15 spell levels left.
You didn't know any spells.
Your spell library was empty.

Dungeon Overview and Level Annotations

Branches:
Dungeon (15/15)            Temple (0/1) D:7            Lair (6/6) D:10
  Swamp (0/4) Lair:2       Spider (0/4) Lair:4          Orc (2/2) D:10
    Elf (1/3) Orc:2        Vaults (0/5) D:14         Depths (0/5) D:15
  Slime: Lair:5-6

Altars:
Cheibriados
Elyvilon
Hepliaklqana
Kikubaaqudgha
Okawaru
Qazlal
Ru
Vehumet
Wu Jian
The Shining One
Beogh

Shops:
D:6 [   Orc:1 *   Orc:2 !(([

Annotations:
D:7 3 runed translucent doors, 4FPSwarrior's ghost, novice OpTm; Mrkan's ghost, novice GrFi; Thantalas's ghost, novice MiFi
D:15 2 runed translucent doors
Lair:2 1 runed translucent door, Gioniom's ghost, journeyman FoEE
Lair:5 exclusion: 5 oklob plants
Elf:1 3 runed translucent doors, Ewetirimn's ghost, adept MiBe; WiseOSalty's ghost, adept DsFi


Innate Abilities, Weirdness & Mutations

You reflexively headbutt those who attack you in melee.
You have a pair of horns on your head.
You have large cloven feet.
You can translocate small distances at will.
Armour fits poorly on your strangely shaped body.
Your spells are a little harder to cast, but a little more powerful.


Message History

You kill the orc!
Trog accepts your kill.
You slash the demonic crawler!
You feel the power of Trog in you as your rage grows.
You kill the demonic crawler!
The demonic crawler's corpse disappears in a puff of smoke!
The deep elf archer shoots an arrow.
The arrow hits you!!
* * * LOW HITPOINT WARNING * * *
Unknown command.
The deep elf archer blinks!
Items here: ( ))) [[ †† You feel a strong urge to attack something.
You are no longer berserk.
You are exhausted.
You feel yourself slow down.
You don't know any spells.
Okay, then.
You don't know any spells.
The deep elf archer shoots an arrow.
The arrow hits you!
You die...

#########################
................@........
.............)...).......
##############.§§(.....#
#### # ##e)#''#++# #... #
#8§§§.....8 #... #
#8........8# #..# #
##.e#.e#..## #.>#..# #
8........8# #..#..# #
#8...$$...8# #..#..#


You could see a deep elf archer and a deep elf mage.

Vanquished Creatures
  Frances (D:13)
  2 deep elf demonologists (Elf:1)
  Nessos (Lair:5)
  A deep elf annihilator (Elf:1)
  Josephine (D:13)
  A deep elf high priest (Elf:1)
  A deep elf death mage (Elf:1)
  A rakshasa (D:14)
  A yaktaur captain (D:15)
  2 hydras
  8 vault guards (D:14)
  2 catoblepae
  8 centaur warriors
  2 dancing weapons (Elf:1)
  3 tengu warriors
  A vampire mage (D:15)
  4 death yaks (Lair:6)
  11 two-headed ogres
  Urug (D:13)
  An ogre mage (D:15)
  Nergalle (Lair:2)
  6 deep elf knights (Elf:1)
  2 small abominations (Elf:1)
  A golden dragon zombie (D:15)
  6 skeletal warriors
  A shadow dragon zombie (D:15)
  A wizard (D:15)
  An unseen horror (D:13)
  3 deep elf archers
  A wolf spider zombie (D:10)
  A necromancer (D:15)
  20 ugly things
  5 orc knights
  18 deep elf magi
  4 cyclopes
  2 orc sorcerers
  An oklob plant (D:7)
  A stone giant skeleton (D:15)
  12 elephants
  A black mamba (shapeshifter) (D:14)
  2 black mambas
  2 gargoyles
  A torpor snail (Lair:6)
  4 kobold demonologists
  A rime drake (Lair:2)
  22 spiny frogs
  A yaktaur (D:15)
  3 komodo dragons
  3 tengu conjurers
  2 hellwings (D:10)
  4 trolls
  5 tyrant leeches (Lair:6)
  A hornet (D:12)
  A polar bear (Lair:6)
  A queen bee (shapeshifter) (D:14)
  A meliai zombie (D:10)
  8 dream sheep
  4 slime creatures (D:15)
  29 blink frogs
  12 hippogriffs
  An air elemental (Elf:1)
  An ice dragon zombie (D:15)
  A hippogriff (shapeshifter) (Elf:1)
  2 redbacks
  A spriggan (D:14)
  5 wraiths (D:13)
  A wyvern (Lair:3)
  24 yaks
  A basilisk (D:14)
  3 fire bats (Lair:6)
  A steam dragon (Lair:4)
  Menkaure (Ossuary)
  15 vampire mosquitoes
  Edmund (D:5)
  A warg (D:15)
  A soldier ant (D:14)
  5 acid dragons
  11 water moccasins
  9 porcupines
  A hornet zombie (D:10)
  A black bear (shapeshifter) (D:15)
  2 phantoms
  16 ogres
  40 orc warriors
  A black bear (D:11)
  2 ice beasts
  2 sky beasts
  An eye of draining (D:14)
  13 wolves
  23 centaurs
  A necrophage (D:8)
  10 crocodiles
  An elf zombie (D:8)
  10 big kobolds
  29 bullfrogs
  A wyvern zombie (D:14)
  An elf skeleton (D:8)
  5 scorpions
  A water moccasin skeleton (D:5)
  15 killer bees
  8 wights
  2 howler monkeys
  7 electric eels (Lair:2)
  A lava snake (Lair:6)
  12 crimson imps
  7 centaur zombies
  A human zombie (D:8)
  5 jellies
  A quasit (D:14)
  3 bullfrog zombies
  4 hounds
  4 centaur skeletons
  12 orc priests
  15 orc wizards
  9 bullfrog skeletons
  7 worker ants
  An iguana (D:8)
  A hound zombie (D:8)
  A hound skeleton (D:11)
  3 mummies (Ossuary)
  4 gnolls (D:7)
  3 river rats
  19 adders
  12 shadow imps
  2 oozes
  An adder zombie (D:8)
  5 worms
  5 dart slugs
  4 leopard geckos
  77 orcs
  3 giant cockroaches
  3 gnoll zombies (Ossuary)
  14 goblins
  6 hobgoblins
  5 jackals
  34 kobolds
  7 quokkas
  3 ball pythons
  A ball python zombie (D:5)
  7 bats
  6 frilled lizards
  3 gnoll skeletons (Ossuary)
  5 goblin skeletons (Ossuary)
  3 goblin zombies (Ossuary)
  5 hobgoblin skeletons (Ossuary)
  3 hobgoblin zombies (Ossuary)
  6 kobold skeletons (Ossuary)
  5 kobold zombies (Ossuary)
  A leopard gecko skeleton (D:7)
  6 orc skeletons
  3 orc zombies (Ossuary)
  A quokka skeleton (D:5)
  A quokka zombie (D:7)
  9 rats
  3 rat skeletons (Ossuary)
  8 rat zombies (Ossuary)
  A crawling corpse (Elf:1)
  3 fungi
  A plant (Lair:5)
901 creatures vanquished.

Vanquished Creatures (others)
  A deep elf archer (Elf:1)
  2 kobolds (D:15)
  14 fungi
  42 plants
  6 withered plants
65 creatures vanquished.

Grand Total: 966 creatures vanquished

Notes
Turn   | Place    | Note
-------+----------+-------------------------------------------
     0 | D:1      | Exodus22XD the Minotaur Berserker began the quest for the
                  | Orb.
     0 | D:1      | Reached XP level 1. HP: 19/19 MP: 0/0
   421 | D:1      | Reached XP level 2. HP: 22/27 MP: 1/1
   432 | D:1      | Reached skill level 4 in Axes
   684 | D:1      | Reached XP level 3. HP: 33/33 MP: 2/2
   738 | D:1      | Reached ** piety under Trog
  1087 | D:2      | Reached XP level 4. HP: 40/41 MP: 3/3
  1091 | D:2      | Found an iron altar of Okawaru.
  1431 | D:2      | Reached skill level 5 in Axes
  1687 | D:3      | Reached XP level 5. HP: 23/47 MP: 4/4
  1961 | D:3      | Found an ancient bone altar of Kikubaaqudgha.
  1972 | D:3      | Reached *** piety under Trog
  2292 | D:4      | Reached skill level 6 in Axes
  2298 | D:4      | Noticed an ogre
  2308 | D:4      | Killed an ogre
  2308 | D:4      | Reached skill level 5 in Fighting
  2308 | D:4      | Reached XP level 6. HP: 25/56 MP: 5/5
  2427 | D:4      | Found a glowing drain.
  2436 | Sewer    | Entered a sewer
  2532 | Sewer    | Reached skill level 7 in Axes
  2551 | Sewer    | Found a glowing silver altar of Zin.
  2863 | D:4      | Reached XP level 7. HP: 61/61 MP: 6/6
  3230 | D:5      | Entered Level 5 of the Dungeon
  3346 | D:5      | Reached skill level 5 in Armour
  3419 | D:5      | Reached **** piety under Trog
  3466 | D:5      | Reached skill level 8 in Axes
  3706 | D:5      | Noticed Edmund
  3713 | D:5      | Killed Edmund
  3713 | D:5      | Reached XP level 8. HP: 69/69 MP: 1/7
  3798 | D:5      | Found a white marble altar of Elyvilon.
  4011 | D:5      | Reached skill level 9 in Axes
  4391 | D:6      | Noticed a hippogriff
  4399 | D:6      | Killed a hippogriff
  4432 | D:6      | Found a stormy altar of Qazlal.
  4533 | D:6      | Found a glowing golden altar of the Shining One.
  4542 | D:6      | Found a radiant altar of Vehumet.
  4610 | D:6      | Found Yrrut's Armour Shop.
  4619 | D:6      | Bought a +0 shield for 49 gold pieces
  4770 | D:7      | Found a hazy altar of Hepliaklqana.
  4772 | D:7      | Noticed an oklob plant
  4783 | D:7      | Killed an oklob plant
  4783 | D:7      | Reached skill level 1 in Shields
  4783 | D:7      | Reached XP level 9. HP: 52/78 MP: 4/8
  4792 | D:7      | Reached skill level 10 in Axes
  5188 | D:7      | Found a runed translucent gate.
  5188 | D:7      | Found a runed translucent gate.
  5188 | D:7      | Found a runed translucent gate.
  5193 | D:7      | Noticed 4FPSwarrior's ghost (novice OpTm)
  5193 | D:7      | Noticed Thantalas's ghost (novice MiFi)
  5193 | D:7      | Noticed Mrkan's ghost (novice GrFi)
  5270 | D:7      | Found a staircase to the Ecumenical Temple.
  5995 | D:8      | Reached skill level 5 in Shields
  6156 | D:8      | Found a sand-covered staircase.
  6162 | Ossuary  | Entered an ossuary
  6167 | Ossuary  | Reached ***** piety under Trog
  6290 | Ossuary  | Received a gift from Trog
  6414 | Ossuary  | Reached skill level 11 in Axes
  6422 | Ossuary  | Noticed Menkaure
  6439 | Ossuary  | Killed Menkaure
  6439 | Ossuary  | Reached skill level 5 in Dodging
  6950 | D:9      | Reached XP level 10. HP: 88/88 MP: 9/9
  7102 | D:9      | Noticed a two-headed ogre
  7108 | D:9      | Killed a two-headed ogre
  7393 | D:9      | Found a sacrificial altar of Ru.
  7393 | D:9      | Found a snail-covered altar of Cheibriados.
  7395 | D:9      | Found an ornate altar of the Wu Jian Council.
  7428 | D:10     | Entered Level 10 of the Dungeon
  7459 | D:10     | Found a staircase to the Lair.
  7547 | D:10     | Reached skill level 12 in Axes
  7549 | D:10     | Received a gift from Trog
  7666 | D:10     | HP: 5/136 [wolf spider zombie (5)]
  7669 | D:10     | Reached XP level 11. HP: 6/97 MP: 1/10
  8123 | D:10     | Noticed a two-headed ogre
  8132 | D:10     | Killed a two-headed ogre
  8278 | D:10     | Noticed an orc knight
  8297 | D:10     | Killed an orc knight
  8297 | D:10     | Reached skill level 13 in Axes
  8333 | D:10     | Found a staircase to the Orcish Mines.
  8414 | D:10     | Noticed a two-headed ogre
  8423 | D:10     | Killed a two-headed ogre
  8423 | D:10     | Reached skill level 10 in Shields
  8484 | D:10     | Found a roughly hewn altar of Beogh.
  8863 | Lair:1   | Entered Level 1 of the Lair of Beasts
  9763 | Lair:2   | Noticed Nergalle
  9794 | Lair:2   | Killed Nergalle
  9806 | Lair:2   | Noticed a seven-headed hydra
  9874 | Lair:2   | Killed a seven-headed hydra
 10257 | Lair:2   | Reached skill level 10 in Armour
 10306 | Lair:2   | Reached skill level 1 in Maces & Flails
 10315 | Lair:2   | Reached XP level 12. HP: 96/106 MP: 9/11
 10505 | Lair:2   | Noticed Gioniom's ghost (journeyman FoEE)
 10507 | Lair:2   | Found a runed translucent door.
 10848 | Lair:3   | Received a gift from Trog
 10909 | Lair:3   | Reached skill level 10 in Fighting
 11560 | Lair:3   | Reached skill level 14 in Axes
 12006 | Lair:4   | Received a gift from Trog
 12697 | Lair:4   | Found a hole to the Spider Nest.
 12943 | Lair:5   | Noticed a catoblepas
 12970 | Lair:5   | Killed a catoblepas
 13413 | Lair:5   | Reached skill level 15 in Axes
 13503 | Lair:5   | Reached XP level 13. HP: 107/116 MP: 2/12
 13750 | Lair:5   | Noticed Nessos
 13766 | Lair:5   | Killed Nessos
 13994 | Lair:6   | Entered Level 6 of the Lair of Beasts
 14948 | Lair:6   | Received a gift from Trog
 14995 | Lair:6   | Reached skill level 16 in Axes
 15399 | Lair:6   | Received a gift from Trog
 15427 | Lair:6   | Reached ****** piety under Trog
 15561 | Lair:6   | Reached skill level 15 in Shields
 15757 | Lair:6   | Reached XP level 14. HP: 126/126 MP: 4/13
 16110 | Lair:2   | Found a staircase to the Swamp.
 17007 | D:12     | Received a gift from Trog
 17014 | D:12     | Reached skill level 17 in Axes
 17252 | D:12     | Paralysed by a hornet for 1 turns
 17356 | D:12     | Got a pair of spiked gloves
 17367 | D:12     | Identified the +2 pair of gloves of Refuge {rC- Regen+
                  | Str+2 Dex+3} (You found it on level 12 of the Dungeon)
 17691 | D:13     | Noticed Frances
 17702 | D:13     | Killed Frances
 17824 | D:13     | Noticed Urug
 17835 | D:13     | Killed Urug
 17889 | D:13     | Noticed Josephine
 17899 | D:13     | Killed Josephine
 17913 | D:13     | Received a gift from Trog
 19026 | D:14     | Found a gate to the Vaults.
 19043 | D:14     | Reached skill level 18 in Axes
 19065 | D:14     | Reached XP level 15. HP: 76/134 MP: 4/14
 19415 | D:14     | Received a gift from Trog
 19922 | D:15     | Entered Level 15 of the Dungeon
 19951 | D:15     | Reached skill level 19 in Axes
 20185 | D:15     | Found a large runed translucent door.
 20196 | D:15     | Found a large runed translucent door.
 20336 | D:15     | Found a staircase to the Depths.
 20934 | D:15     | Received a gift from Trog
 21945 | Orc:1    | Entered Level 1 of the Orcish Mines
 21975 | Orc:1    | Found Fihukud's Assorted Antiques.
 22356 | Orc:2    | Entered Level 2 of the Orcish Mines
 22356 | Orc:2    | Found a staircase to the Elven Halls.
 22464 | Orc:2    | Reached skill level 20 in Axes
 22523 | Orc:2    | Reached XP level 16. HP: 79/145 MP: 3/15
 22525 | Orc:2    | Received a gift from Trog
 22638 | Orc:2    | Found Raloaps's Weapon Shop.
 22638 | Orc:2    | Found Idagacue's Antique Weapon Shoppe.
 22640 | Orc:2    | Found Eliqyary's Armour Emporium.
 22642 | Orc:2    | Found Naef's Distillery.
 23062 | Orc:2    | Bought a potion of mutation for 96 gold pieces
 23062 | Orc:2    | Gained mutation: Your spells are a little harder to cast,
                  | but a little more powerful. [potion of mutation]
 23062 | Orc:2    | Gained mutation: You can translocate small distances at
                  | will. [potion of mutation]
 23062 | Orc:2    | Gained mutation: Armour fits poorly on your strangely
                  | shaped body. [potion of mutation]
 23062 | Orc:2    | Gained mutation: You have large cloven feet. [potion of
                  | mutation]
 23083 | Orc:2    | Bought a potion of lignification for 36 gold pieces
 23083 | Orc:2    | Bought a potion of lignification for 36 gold pieces
 23083 | Orc:2    | Bought a potion of resistance for 120 gold pieces
 23183 | Orc:1    | Bought a scroll of magic mapping for 77 gold pieces
 23183 | Orc:1    | Bought a scroll of identify for 44 gold pieces
 23183 | Orc:1    | Bought a scroll of fear for 77 gold pieces
 23329 | Elf:1    | Entered Level 1 of the Elven Halls
 23636 | Elf:1    | Found a runed translucent gate.
 23636 | Elf:1    | Found a runed translucent gate.
 23636 | Elf:1    | Found a runed translucent gate.
 23640 | Elf:1    | Noticed WiseOSalty's ghost (adept DsFi)
 23640 | Elf:1    | Noticed Ewetirimn's ghost (adept MiBe)
 23759 | Elf:1    | Received a gift from Trog
 23775 | Elf:1    | HP: 5/220 [deep elf archer/arrow (21)]
 23778 | Elf:1    | Shot with an arrow by a deep elf archer

Skill      XL: |  1  2  3  4  5  6  7  8  9 10 11 12 13 14 15 16 |
---------------+-------------------------------------------------+-----
Fighting       | 4 5 6 8 9 11 12 13 14 | 14.3
Axes           | 4 5 6 7 8 9 11 12 13 15 16 18 20 | 20.7
Armour         | 3 4 5 7 8 9 10 11 13 | 13.5
Dodging        | 3 4 5 6 7 8 9 |  9.4
Shields        | 1 6 8 11 13 15 16 | 16.7
Maces & Flails | 1 |  1.5

Action                   |  1- 3 |  4- 6 |  7- 9 | 10-12 | 13-15 | 16-18 || total
-------------------------+-------+-------+-------+-------+-------+-------++-------
Melee: Hand axe          |    62 |   177 |   498 |   532 |       |       ||  1269
       Headbutt          |     9 |    33 |   109 |   147 |   242 |    38 ||   578
       Dire flail        |       |       |       |     9 |     3 |       ||    12
       Broad axe         |       |       |       |   139 |   562 |       ||   701
       Executioner's axe |       |       |       |       |   515 |   145 ||   660
Invok: Berserk           |       |     1 |     8 |    13 |    14 |     3 ||    39
       Trog's Hand       |       |       |       |       |     1 |     2 ||     3
 Abil: Blink             |       |       |       |       |       |     1 ||     1
  Use: Scroll            |     1 |       |     9 |     5 |    19 |     2 ||    36
       Potion            |       |       |       |       |     4 |     1 ||     5
  Eat: Chunk             |     1 |     6 |    13 |    27 |    43 |     4 ||    94
       Ration            |       |       |     2 |     2 |       |     1 ||     5
Armor: Animal skin       |    18 |       |       |       |       |       ||    18
       Ring mail         |     5 |    33 |       |       |       |       ||    38
       Chain mail        |       |    57 |   102 |       |   441 |   159 ||   759
       Fire dragon scale |       |       |    74 |   239 |   179 |       ||   492
Dodge: Dodged            |    46 |   112 |   148 |   256 |   638 |   123 ||  1323
Block: Shield            |       |       |   135 |   364 |   396 |       ||   895
